Map: Ulrena

Players

LilDicky (tumescentpie)

  • Race: Terran Terran

Nick - Winner!

  • Race: Terran Terran

VOD

http://www.twitch.tv/tumescentpie

Description

Time

  • Played on: Nov. 19, 2015, 9:55 p.m.
  • Length: 7:24
Show
View Real Time Build Order
Export as new Build Order

LilDicky Terran 

Build Orders:  

Get SALT Encoding   

  12  0:02  SCV  
  13  0:15  SCV  
  14  0:27  SCV  
  15  0:33  Supply Depot  
  15  0:35  Refinery  
  15  0:55  SCV  
  16  0:58  Barracks  
  16  1:07  SCV  
  17  1:19  SCV  
  18  1:33  SCV  
  19  1:41  Refinery  
  19  1:48  Factory  
  19  1:49  Marine  
  19  1:50  Orbital Command  
  20  1:57  Supply Depot  
  20  2:09  Marine  
  20  2:17  SCV  
  21  2:27  Marine  
  22  2:34  Factory Tech Lab  
  22  2:51  SCV, Marine  
  22  2:53  Starport  
  22  2:54  Siege Tank  
  27  3:01  Supply Depot  
  27  3:03  SCV  
  28  3:09  Marine  
  29  3:18  SCV  
  30  3:23  Supply Depot  
  30  3:26  Marine  
  31  3:30  SCV  
  31  3:31  Medivac  
  34  3:37  Supply Depot  
  34  3:42  SCV  
  38  3:48  Siege Tank  
  38  3:51  Engineering Bay  
  38  3:54  SCV  
  39  4:18  Command Center  
  39  4:20  SCV, Starport Tech Lab  
  40  4:26  Engineering Bay  
  40  4:31  Supply Depot, Missile Turret  
  36  4:50  SCV  
  32  5:03  SCV  
  32  5:05  Starport Reactor  
  32  5:06  Siege Tank  
  36  5:12  Marine  
  37  5:14  Combat Shields  
  37  5:15  SCV  
  37  5:16  Supply Depot  
  38  5:27  SCV  
  39  5:29  Missile Turret  
  39  5:30  Orbital Command  
  39  5:38  Marine  
  39  5:39  SCV  
  41  5:46  Supply Depot  
  41  5:51  SCV, Missile Turret  
  41  5:53  Cyclone  
  41  5:55  Viking  
  41  5:56  Marine  
  48  5:57  Viking  
  48  6:00  SCV  
  48  6:03  SCV  
  52  6:12  SCV  
  52  6:16  SCV  
  54  6:21  Marine  
  54  6:24  SCV, Viking  
  58  6:25  Siege Tank  
  58  6:31  SCV  
  58  6:32  Missile Turret  
  62  6:45  Viking  
  62  6:46  SCV  
  66  6:47  SCV  
  66  6:49  Refinery  
  66  6:50  Refinery  
Show
View Real Time Build Order
Export as new Build Order

Nick Terran - Winner!

Build Orders:  

Get SALT Encoding   

  12  0:01  SCV  
  13  0:13  SCV  
  14  0:19  Supply Depot  
  14  0:25  SCV  
  15  0:41  SCV  
  16  0:43  Barracks  
  16  0:53  SCV  
  16  0:55  Refinery  
  17  1:05  SCV  
  18  1:29  Orbital Command  
  18  1:31  Supply Depot  
  18  1:38  Reaper  
  19  1:59  SCV  
  20  2:05  Refinery  
  20  2:10  Reaper  
  21  2:34  Factory  
  21  2:48  SCV  
  21  3:00  SCV  
  21  3:18  Starport, Engineering Bay  
  21  3:19  Marine  
  21  3:26  SCV  
  23  3:32  Command Center  
  23  3:35  Barracks, Widow Mine  
  23  3:36  Barracks  
  23  3:38  SCV  
  26  3:49  Missile Turret  
  26  3:50  SCV  
  26  3:55  Viking  
  29  4:06  Barracks Tech Lab  
  29  4:07  Supply Depot  
  29  4:16  Widow Mine  
  31  4:22  Terran Infantry Weapons Level 1, Supply Depot  
  31  4:26  Stimpack  
  31  4:28  Marine x3  
  29  4:45  Hellion  
  27  4:53  Barracks Reactor x2  
  27  4:55  SCV  
  28  5:07  SCV  
  28  5:10  Starport Reactor  
  28  5:12  Orbital Command  
  29  5:19  SCV  
  30  5:31  SCV, Marine x3  
  30  5:32  Marine  
  35  5:43  SCV  
  35  5:49  Medivac  
  38  5:50  Medivac  
  38  5:51  Marine x3  
  38  5:52  Marine  
  38  5:57  SCV  
  45  6:04  Marine  
  45  6:09  Marine  
  47  6:15  Marine x3  
  47  6:17  SCV  
  47  6:18  SCV  
  52  6:22  Marine  
  53  6:29  SCV  
  55  6:32  SCV  
  55  6:33  Marine x3  
  55  6:34  Marine  
  55  6:35  Factory Tech Lab  
  59  6:40  Marine  
  59  6:42  SCV  
Tags
 
Add a new tag
Caveats
  • Supply blocks, unpowered buildings, or Contaminate may cause inaccurate times.
  • Supply counts are checked every 10 seconds.